 Dungeon Crawl Stone Soup version 0.26-a0-665-gefeb406119 (webtiles) character file.

Game seed: 15730832632351418089

154 jiml777 the Digger (level 5, -21/28 HPs)
             Began as a Gargoyle Earth Elementalist on Oct 15, 2020.
             Demolished by an orc warrior
             ... wielding a +0 halberd
              (23 damage)
             ... on level 3 of the Dungeon.
             The game lasted 00:17:40 (2399 turns).

jiml777 the Digger (Gargoyle Earth Elementalist)    Turns: 2399, Time: 00:17:41

Health: -21/28     AC:  7    Str: 12    XL:     5   Next: 35%
Magic:  7/10       EV: 12    Int: 16    God:
Gold:   85         SH:  0    Dex: 10    Spells: 9/10 levels left

rFire    . . .     SeeInvis .   m - -3 flail (curse)
rCold    . . .     Faith    .   (no shield)
rNeg     + . .     Spirit   .   c - +1 robe
rPois    ∞         Reflect  .   (no helmet)
rElec    +         Harm     .   (no cloak)
rCorr    .         Rampage  .   (no gloves)
MR       .....                  (no boots)
Stlth    +.........             (no amulet)
HPRegen  0.09/turn              (no ring)
MPRegen  0.12/turn              (no ring)

@: confused
A: negative energy resistance 1, electricity resistance, unbreathing,
petrification resistance, rot immunity, AC +4
a: no special abilities


You were on level 3 of the Dungeon.
You visited 1 branch of the dungeon, and saw 3 of its levels.

You collected 85 gold pieces.

Inventory:

Hand Weapons
 h - a +2 dagger of speed
 j - a +1 dagger of venom
 m - a cursed -3 flail (weapon)
 r - a +0 hunting sling
Missiles
 b - 30 stones (quivered)
 e - 32 bolts
 g - 76 sling bullets
 s - 20 arrows
Armour
 c - a +1 robe (worn)
Wands
 t - a wand of random effects (12)
Scrolls
 l - a scroll of magic mapping
Potions
 a - a potion of curing {unknown}
 d - 2 potions of flight
 f - 3 potions of degeneration {unknown}
 i - 2 potions of might
 k - a potion of mutation {unknown}
 q - a potion of brilliance {unknown}


   Skills:
 + Level 0.6 Fighting
 + Level 1.3 Short Blades
 + Level 2.1 Dodging
 + Level 2.7 Stealth
 + Level 3.3 Spellcasting
   Level 0.7 Transmutations
 + Level 4.6 Earth Magic


You had 9 spell levels left.
You knew the following spells:

 Your Spells              Type           Power        Failure   Level
a - Sandblast             Erth           ###...       2%          1

Your spell library contained the following spells:

 Spells                   Type           Power        Failure   Level
 Passwall                 Tmut/Erth      ##......     9%          2
 Stone Arrow              Conj/Erth      ##....       21%         3
 Petrify                  Tmut/Erth      ##......     52%         4
 Lee's Rapid Deconstruct  Erth           ###.......   58%         5


Dungeon Overview and Level Annotations

Branches:
Dungeon (3/15)

Altars:
Xom
Zin


Innate Abilities, Weirdness & Mutations

You are resistant to torment.
Your stone body is resilient. (AC +4)
You are immune to poison.
You resist negative energy. (rN+)
You are resistant to electric shocks. (rElec)
You can survive without breathing.
You are immune to petrification.
You are immune to rotting.


Message History

The magic dart hits you.
The orc warrior hits you from afar with a +0 halberd!
The orc wizard hits you but does no damage.
You completely miss the orc wizard.
The orc wizard is severely wounded.
The orc warrior hits you from afar with a +0 halberd!
Ouch! That really hurt!
* * * LOW HITPOINT WARNING * * *
The orc wizard casts a spell.
The orc wizard flickers and vanishes!
Deactivating autopickup; reactivate with Ctrl-A.
The orc warrior barely misses you.
You closely miss something. Something hits you but does no damage.
The orc warrior misses you.
You closely miss something.
You hear some strange, mumbled words.
You are confused.
The orc warrior hits you from afar with a +0 halberd!!
Ouch! That really hurt!
You die...

.. ##.# ##..# #....
#... ####
#.###########.
.....##.....@{oo....
#.....###########
####.## #.# #.#
###.###### #
#........#
#########.#.####.##
..)..)............#


You could see an orc warrior and an orc.

Vanquished Creatures
  3 gnolls (D:2)
  5 adders (D:2)
  An ooze (D:1)
  A worm (D:2)
  A dart slug (D:2)
  3 leopard geckos
  2 orcs (D:3)
  A ball python (D:2)
  A giant cockroach (D:1)
  12 goblins
  7 hobgoblins
  9 kobolds
  11 bats
  5 frilled lizards
  6 rats
68 creatures vanquished.

Notes
Turn   | Place    | Note
-------+----------+-------------------------------------------
     0 | D:1      | jiml777 the Gargoyle Earth Elementalist began the quest for
                  | the Orb.
     0 | D:1      | Reached XP level 1. HP: 10/10 MP: 3/3
   127 | D:1      | Reached XP level 2. HP: 15/15 MP: 0/5
   444 | D:1      | Reached skill level 4 in Earth Magic
   516 | D:1      | Reached XP level 3. HP: 19/19 MP: 0/6
  1367 | D:2      | Reached XP level 4. HP: 22/24 MP: 6/8
  1394 | D:2      | Found a shimmering altar of Xom.
  1409 | D:2      | Reached skill level 1 in Short Blades
  1510 | D:2      | Reached XP level 5. HP: 26/28 MP: 0/9
  2055 | D:2      | Found a glowing silver altar of Zin.
  2056 | D:2      | Noticed an angel
  2390 | D:3      | Noticed an orc warrior
  2397 | D:3      | HP: 1/28 [orc warrior/+0 halberd (15)]
  2399 | D:3      | Demolished by an orc warrior

Illustrated notes

Levels and vault maps discovered:
D:1:      onia_arrival_pentagram, layout_basic, hex_intersection,
          minmay_misc_feat_iff
D:2:      layout_loops_ring, xom_butterflies, zin_angel, minmay_small_reverse_x
D:3:      layout_loops_corners, led_sif_book,
          hangedman_abyss_or_decor_lesser_grid

Skill      XL: |  1  2  3  4 |
---------------+-------------+-----
Earth Magic    | 4 |  4.6
Short Blades   | 1 |  1.3
Dodging        | 2 |  2.1
Spellcasting   | 3 |  3.3
Fighting       | |  0.6
Stealth        | |  2.7
Transmutations | |  0.7

Action                   |  1- 3 |  4- 6 || total
-------------------------+-------+-------++-------
Melee: Unarmed           |     8 |       ||     8
       Dagger            |    82 |    63 ||   145
       Flail             |       |     4 ||     4
 Cast: Sandblast         |    26 |    26 ||    52
  Use: Scroll            |       |     9 ||     9
 Stab: Sleeping          |     2 |       ||     2
Armor: Robe              |    26 |    16 ||    42
Dodge: Dodged            |    43 |    30 ||    73

Table legend: (Time is in decaauts)
 A = Elapsed time spent in this place.
 B = Non-inter-level travel time spent in this place.
 C = Inter-level travel time spent in this place.
 D = Time resting spent in this place.
 E = Time spent auto-exploring this place.
 F = Levels seen in this place.
 G = Mean time per level.
                   A        B        C        D        E       F      G
               +--------+--------+--------+--------+--------+-----+--------+
         Total |   2346 |   2280 |     66 |    459 |   1070 |   3 |  782.0 |
       Dungeon |   2346 |   2280 |     66 |    459 |   1070 |   3 |  782.0 |
               +--------+--------+--------+--------+--------+-----+--------+

Top non-repeatable levels by time:
     D:1: 1199 daAuts
     D:2: 896 daAuts
     D:3: 250 daAuts
